 Dungeon Crawl Stone Soup version 0.23.2-40-g277498a001 (webtiles) character file.

Game seed: 8140003282415165331

1159 Marnok the Shield-Bearer (level 8, -6/61 HPs)
             Began as a Human Fighter on Oct 17, 2019.
             Mangled by an ogre
             ... wielding a +0 giant club
              (7 damage)
             ... on level 5 of the Dungeon.
             The game lasted 00:18:27 (4917 turns).

Marnok the Shield-Bearer (Human Fighter)            Turns: 4917, Time: 00:18:28

Health: -6/61      AC:  8    Str: 18    XL:     8   Next: 66%
Magic:  8/8        EV:  9    Int:  8    God:
Gold:   186        SH: 11    Dex: 14    Spells: 7/7 levels left

rFire    . . .     SeeInvis .   m - +3 short sword (speed)
rCold    . . .     Gourm    .   c - +1 shield
rNeg     . . .     Faith    .   b - +0 scale mail
rPois    .         Spirit   .   q - +0 helmet
rElec    .         Reflect  .   (no cloak)
rCorr    .         Harm     .   (no gloves)
MR       .....                  (no boots)
Stlth    ..........             i - amulet of the acrobat
HPRegen  0.20/turn              (no ring)
MPRegen  0.11/turn              (no ring)

@: no status effects
A: no striking features
a: no special abilities


You were on level 5 of the Dungeon.
You were hungry.

You visited 1 branch of the dungeon, and saw 5 of its levels.
You also visited: Sewer.

You collected 186 gold pieces.

Inventory:

Hand Weapons
 a - a +0 trident
 m - a +3 short sword of speed (weapon)
Missiles
 j - 2 javelins (quivered)
 p - 2 tomahawks
Armour
 b - a +0 scale mail (worn)
 c - a +1 shield (worn)
 q - a +0 helmet (worn)
Jewellery
 i - an amulet of the acrobat (around neck)
Wands
 k - a wand of disintegration (14)
 o - a wand of iceblast (3)
 s - a wand of flame (20)
Scrolls
 d - a scroll of magic mapping {unknown}
 l - a scroll of identify
 n - 2 scrolls of remove curse
Potions
 e - 2 potions of agility
 g - 4 potions of flight
 h - 2 potions of brilliance
 r - a potion of curing
 t - a potion of mutation {unknown}
 u - a potion of heal wounds
Comestibles
 f - 9 rations


   Skills:
 + Level 4.6 Fighting
 + Level 3.5 Short Blades
 + Level 5.0 Polearms
 + Level 4.9 Armour
 + Level 2.6 Dodging
 + Level 0.8 Stealth
 + Level 5.2 Shields


You had 7 spell levels left.
You didn't know any spells.
Your spell library was empty.

Dungeon Overview and Level Annotations

Branches:
Dungeon (5/15)
 Temple: D:4-7

Altars:
Ashenzari


Message History

You feel sick.
You feel sick.
An ogre comes into view. It is wielding a +0 giant club.
You feel sick.
The ogre shouts!
You block the ogre's attack.
You feel sick.
You are no longer poisoned.
Your shield prevents you from hitting the ogre.
You block the ogre's attack.
You hit the ogre.
The ogre is lightly wounded.
The ogre hits you with a +0 giant club!
* * * LOW HITPOINT WARNING * * *
You puncture the ogre!
The ogre is heavily wounded.
Your shield and scale mail prevent you from hitting the ogre.
The ogre is heavily wounded.
The ogre hits you with a +0 giant club!
You die...

## .. #### .# ..# .# #.#
.# #.#####.###.#####.
..................
#.#####o##.#######
#...@O5.##.# ..
##########5# #ยง. #.#
#.. ###.##### #..
####### #...o...# #..
#.....# #..####5####..
#.....#####..##...(.....
#..<....)....#..........
#.....####...#..........


You could see an ogre, a shadow imp and an orc.

Vanquished Creatures
  An orc warrior (D:2)
  A phantom (D:5)
  4 ogres
  3 big kobolds (Sewer)
  A crimson imp (D:2)
  A hound (D:4)
  3 orc wizards
  3 worker ants
  A hound skeleton (D:4)
  4 gnolls (D:2)
  5 adders
  A river rat (D:3)
  2 oozes
  6 worms
  A dart slug (D:1)
  2 leopard geckos
  12 orcs
  4 giant cockroaches
  4 goblins
  8 hobgoblins
  11 jackals
  A quokka (D:4)
  7 ball pythons
  10 bats
  7 frilled lizards
  16 kobolds
  12 rats
131 creatures vanquished.

Notes
Turn   | Place    | Note
-------+----------+-------------------------------------------
     0 | D:1      | Marnok the Human Fighter began the quest for the Orb.
     0 | D:1      | Reached XP level 1. HP: 18/18 MP: 1/1
   141 | D:1      | Reached XP level 2. HP: 18/24 MP: 2/2
   391 | D:3      | Reached XP level 3. HP: 20/29 MP: 3/3
   538 | D:3      | Found a glowing drain.
   551 | D:3      | Reached XP level 4. HP: 19/35 MP: 4/4
   557 | Sewer    | Entered a sewer
   632 | Sewer    | Noticed a big kobold
   650 | Sewer    | Killed a big kobold
   650 | Sewer    | Reached XP level 5. HP: 18/41 MP: 5/5
   991 | Sewer    | Noticed a big kobold
  1030 | Sewer    | Killed a big kobold
  1030 | Sewer    | Reached skill level 1 in Dodging
  1030 | Sewer    | Reached XP level 6. HP: 35/48 MP: 6/6
  1398 | D:4      | Noticed an ogre
  1417 | D:2      | Killed an ogre
  1534 | D:2      | Reached XP level 7. HP: 53/53 MP: 7/7
  2643 | D:2      | Reached skill level 5 in Polearms
  3452 | D:4      | Reached skill level 1 in Short Blades
  3452 | D:4      | Reached XP level 8. HP: 27/61 MP: 8/8
  3578 | D:5      | Entered Level 5 of the Dungeon
  4067 | D:4      | Found a shattered altar of Ashenzari.
  4374 | D:4      | Reached skill level 5 in Shields
  4915 | D:5      | HP: 1/61 [ogre/+0 giant club (15)]
  4917 | D:5      | Mangled by an ogre

Skill      XL: |  1  2  3  4  5  6  7  8 |
---------------+-------------------------+-----
Polearms       | 3 4 5 |  5.0
Dodging        | 1 2 |  2.6
Shields        | 4 5 |  5.2
Armour         | 4 |  4.9
Fighting       | 4 |  4.6
Short Blades   | 1 3 |  3.5
Stealth        | |  0.8

Action                   |  1- 3 |  4- 6 |  7- 9 || total
-------------------------+-------+-------+-------++-------
Melee: Trident           |    87 |   145 |   165 ||   397
       Short sword       |       |       |   274 ||   274
Throw: Javelin           |       |       |     2 ||     2
  Use: Potion            |     4 |     4 |    10 ||    18
       Scroll            |       |     2 |     4 ||     6
 Stab: Invisible         |     2 |       |       ||     2
  Eat: Chunk             |       |     2 |    11 ||    13
Armor: Scale mail        |    43 |    85 |    93 ||   221
       Skin              |       |       |    42 ||    42
Dodge: Dodged            |    25 |    71 |   115 ||   211
Block: Shield            |    52 |   116 |   202 ||   370
